 Dungeon Crawl Stone Soup version 0.31.0-32-g396128a36d (webtiles) character file.

Game seed: 12449602395968213577

1230 Magala the Trooper (level 8, -11/73 HPs)
             Began as a Minotaur Berserker on Mar 18, 2024.
             Was a Believer of Trog.
             Killed from afar by a white imp (19 damage)
             ... with a puff of frost
             ... on level 6 of the Dungeon.
             The game lasted 00:23:07 (4607 turns).

Magala the Trooper (Minotaur Berserker)             Turns: 4607, Time: 00:23:07

Health: -11/73     AC:  7    Str: 23    XL:     8   Next: 24%
Magic:  7/7        EV: 12    Int:  4    God:    Trog [**....]
Gold:   251        SH:  0    Dex: 11    Spells: 7/7 levels left

rFire   + + .        J - +2 hand axe (flame)
rCold   x . .        (no shield)
rNeg    . . .        y - +0 ring mail {rF+}
rPois   .            (helmet restricted)
rElec   .            z - scarf {harm}
rCorr   .            s - +0 pair of gloves
SInv    +            (no boots)
Will    .....        (no amulet)
Stlth   +            u - ring of fire
HPRegen 0.32/turn    H - ring of see invisible
MPRegen 0.10/turn

%: harm (+30% outgoing, +20% incoming)
@: no status effects
A: horns 2, retaliatory headbutt
a: Renounce Religion, Berserk, Trog's Hand


You were on level 6 of the Dungeon.
You worshipped Trog.
Trog was pleased with you.
You visited 2 branches of the dungeon, and saw 7 of its levels.

You collected 251 gold pieces.

Inventory:

Hand Weapons
 a - a +0 falchion
 c - a +0 dagger
 d - a +0 whip
 k - a +0 flail
 l - a +0 flail
 m - a +0 club
 J - a +2 hand axe of flaming (weapon)
Missiles
 e - 55 stones (quivered)
Armour
 b - a +0 animal skin
 g - a +0 robe
 h - a +0 ring mail
 o - a +0 ring mail
 s - a +0 pair of gloves (worn)
 t - a +0 scale mail
 v - a +0 ring mail
 y - a +0 ring mail of fire resistance (worn)
 z - a scarf of harm (worn)
 L - a +0 cloak
Jewellery
 u - a ring of fire (left hand)
 F - a ring of resist corrosion
 H - a ring of see invisible (right hand)
Talismans
 p - a beast talisman
Scrolls
 f - 5 scrolls of teleportation {unknown}
 i - 3 scrolls of identify {unknown}
 n - a scroll of vulnerability {unknown}
 q - 2 scrolls of noise {unknown}
 w - a scroll of fog {unknown}
 x - a scroll of torment {unknown}
 B - 3 scrolls of immolation {unknown}
 C - a scroll of enchant armour {unknown}
 G - a scroll of enchant weapon {unknown}
Potions
 j - 6 potions of curing {unknown}
 r - 3 potions of might {unknown}
 A - a potion of heal wounds {unknown}
 D - a potion of lignification {unknown}
 E - a potion of berserk rage {unknown}
 I - a potion of mutation {unknown}
 K - 2 potions of degeneration {unknown}


   Skills:
 * Level 7.1 Fighting
 - Level 4.3 Long Blades
 * Level 3.0(4.8) Axes
 - Level 5.9(6.2) Maces & Flails
 * Level 6.6 Armour
 + Level 3.4 Dodging
 - Level 0.3 Stealth


You had 7 spell levels left.
You didn't know any spells.
Your spell library was empty.

Dungeon Overview and Level Annotations

Branches:
Dungeon (6/15)             Temple (1/1) D:4

Altars:
Cheibriados
Elyvilon
Fedhas
Gozag
Hepliaklqana
Kikubaaqudgha
Makhleb
Nemelex Xobeh
Okawaru
Qazlal
Sif Muna
Trog
Uskayaw
Vehumet

Shops:
D:1 [   D:5 *

Annotations:
D:3 exclusion: oklob plant


Innate Abilities, Weirdness & Mutations

You have a pair of horns on your head.
You reflexively headbutt those who attack you in melee.


Message History

You furiously retaliate!
You headbutt the phantom!
You destroy the phantom!
Trog accepts your kill.
Your Fighting skill increases to level 7!
You hit the orc wizard. You burn the orc wizard.
You kill the orc wizard!
Trog accepts your kill.
Trog appreciates your killing of a magic user.
You hit the orc. You burn the orc. The orc hits you but does no damage.
The white imp gestures at you. The puff of frost hits you!!
You feel a terrible chill! The orc hits you with a +0 hand axe.
Your base Axes skill increases to level 3!
You hit the orc. You burn the orc.
The orc is almost dead.
The white imp gestures at you. The puff of frost hits you.
You feel a terrible chill! The orc hits you with a +0 hand axe.
* * * LOW HITPOINT WARNING * * *
You completely miss the orc.
The orc is almost dead.
The white imp puffs mist at you. The orc hits you with a +0 hand axe.
* * * LOW HITPOINT WARNING * * *
You hit the orc. You burn the orc.
You kill the orc!
Trog accepts your kill.
You hit the white imp but do no damage.
The white imp hits you but does no damage.
You barely miss the white imp. The white imp closely misses you.
The white imp hits you but does no damage.
You hit the white imp but do no damage. The white imp hits you.
* * * LOW HITPOINT WARNING * * *
The white imp freezes you.
You feel a terrible chill!
* * * LOW HITPOINT WARNING * * *
You hit the white imp. You burn the white imp.
The white imp is lightly wounded.
The white imp gestures at you. The puff of frost hits you!
You feel a terrible chill!
You die...

#####
######...########
.......@).......
......$5)......
...!...........
####.####.##.##
#.#.##.##.##
#......)...#
..#......†...#
.......<.....#
..#..........#


You could see a white imp.

Vanquished Creatures
  A water moccasin (D:6)
  A sky beast (D:4)
  An orc warrior (D:6)
  An ogre (D:5)
  A black bear (D:4)
  3 phantoms
  A scorpion (D:5)
  A howler monkey (D:4)
  2 bombardier beetles
  3 jellies (D:5)
  3 iguanas
  2 orc wizards
  A sleepcap (D:3)
  Natasha (D:2)
  2 adders
  3 ribbon worms
  A dart slug (D:2)
  10 orcs
  6 endoplasms
  4 giant cockroaches
  9 hobgoblins
  2 jackals (D:2)
  3 quokkas
  11 ball pythons
  6 bats
  7 frilled lizards
  5 goblins
  5 kobolds
  6 rats
102 creatures vanquished.

Notes
Turn   | Place    | Note
-------+----------+-------------------------------------------
     0 | D:1      | Magala the Minotaur Berserker began the quest for the Orb.
     0 | D:1      | Reached XP level 1. HP: 19/19 MP: 0/0
   162 | D:1      | Reached XP level 2. HP: 15/27 MP: 1/1
   222 | D:1      | Found a faded altar of an unknown god.
   241 | D:1      | Reached skill level 4 in Fighting
   433 | D:1      | Found Feusy's Armour Emporium.
   670 | D:2      | Reached ** piety under Trog
   671 | D:2      | Reached XP level 3. HP: 33/33 MP: 2/2
  1589 | D:2      | Noticed Natasha
  1596 | D:2      | Killed Natasha
  1597 | D:2      | Reached XP level 4. HP: 33/41 MP: 3/3
  1703 | D:3      | Found a radiant altar of Vehumet.
  1703 | D:3      | Found a shimmering blue altar of Sif Muna.
  1743 | D:3      | Reached skill level 1 in Maces & Flails
  1863 | D:3      | Found a bloodstained altar of Trog.
  1929 | D:3      | Reached XP level 5. HP: 47/47 MP: 4/4
  1976 | D:3      | Reached skill level 5 in Fighting
  2238 | D:3      | Found a blossoming altar of Fedhas.
  2256 | D:3      | Noticed an oklob plant
  2487 | D:4      | Noticed a black bear
  2492 | D:4      | Killed a black bear
  2565 | D:4      | Reached XP level 6. HP: 46/56 MP: 5/5
  2689 | D:4      | Noticed a sky beast
  2712 | D:4      | Killed a sky beast
  2713 | D:4      | Reached skill level 5 in Armour
  3164 | D:4      | Reached XP level 7. HP: 62/62 MP: 6/6
  3350 | D:4      | Found a staircase to the Ecumenical Temple.
  3355 | Temple   | Entered the Ecumenical Temple
  3417 | D:5      | Entered Level 5 of the Dungeon
  3535 | D:5      | Found Reulomor's Assorted Antiques.
  3580 | D:5      | Reached skill level 5 in Maces & Flails
  3804 | D:5      | Reached skill level 6 in Fighting
  4093 | D:5      | Reached skill level 1 in Axes
  4594 | D:6      | Reached XP level 8. HP: 56/71 MP: 7/7
  4601 | D:6      | Reached skill level 7 in Fighting
  4607 | D:6      | Killed from afar by a white imp

Illustrated notes

Levels and vault maps discovered:
D:1:      dpeg_arrival_shrine, layout_basic, serial_shops, shop,
          basic_ecumenical_altar, minmay_tetromino_s2
D:2:      minmay_chambers_of_ones, layout_basic, nrook_uturn, glass_columns_b,
          uniq_natasha
D:3:      layout_loops_ring, mainiacjoe_overflow_cross_hatched, tgw_fedhas,
          gammafunk_temple_overflow_pools
D:4:      layout_basic, temple_doors_ab
D:5:      layout_gridville, serial_shops, shop
D:6:      layout_gridville, old_standard_altar
Temple:   dpeg_chambers_temple

Skill      XL: |  1  2  3  4  5  6  7  8 |
---------------+-------------------------+-----
Long Blades    | 4 |  4.3
Fighting       | 4 5 6 7 |  7.1
Armour         | 3 4 5 6 |  6.6
Maces & Flails | 1 3 4 5 |  5.9
Dodging        | 3 |  3.4
Axes           | 2 3 |  3.0
Stealth        | |  0.3

Action                     |  1- 3 |  4- 6 |  7- 9 || total
---------------------------+-------+-------+-------++-------
  Melee: Falchion          |    64 |       |       ||    64
         Punch             |     2 |       |       ||     2
         Headbutt          |     9 |    22 |     8 ||    39
         Flail             |    26 |    85 |    27 ||   138
         Hand axe          |       |       |    32 ||    32
 Invoke: Berserk           |     3 |     4 |     1 ||     8
         Trog's Hand       |       |     1 |     1 ||     2
   Stab: Sleeping          |     1 |       |       ||     1
 Armour: Animal skin       |     5 |       |       ||     5
         Ring mail         |    66 |    50 |    56 ||   172
  Dodge: Dodged            |    63 |    44 |    30 ||   137
